 Dungeon Crawl Stone Soup version 0.28-a0-803-g74956062c1 (webtiles) character file.

Game seed: 7051403645900082151

33 MacCMillion the Digger (level 3, -4/33 HPs)
             Began as a Troll Earth Elementalist on Nov 7, 2021.
             Slain by an iguana (12 damage)
             ... on level 2 of the Dungeon.
             The game lasted 00:02:10 (361 turns).

MacCMillion the Digger (Troll Earth Elementalist)    Turns: 361, Time: 00:02:11

Health: -4/33      AC:  4    Str: 17    XL:     3   Next: 12%
Magic:  3/3        EV:  9    Int: 11    God:
Gold:   0          SH:  0    Dex: 10    Spells: 3/4 levels left

rFire   . . .      SeeInvis .     - Unarmed
rCold   . . .      Faith    .   (no shield)
rNeg    . . .      Spirit   .   b - +0 robe
rPois   .          Reflect  .   (helmet restricted)
rElec   .          Harm     .   (no cloak)
rCorr   .          Rampage  .   (gloves unavailable)
Will    .....                   (boots unavailable)
Stlth   +.........              (no amulet)
HPRegen 1.11/turn               (no ring)
MPRegen 0.08/turn               (no ring)

@: no status effects
A: large, unfitting armour, claws 3, regeneration 1, shaggy fur 1, tough skin 1
a: no special abilities


You were on level 2 of the Dungeon.
You visited 1 branch of the dungeon, and saw 2 of its levels.

Inventory:

Missiles
 c - 30 stones
Armour
 b - a +0 robe (worn)
Scrolls
 a - a scroll of fear {unknown}
 d - a scroll of teleportation {unknown}


   Skills:
 + Level 1.1 Fighting
 - Level 1.5 Dodging
 - Level 1.0 Stealth
 * Level 2.2 Unarmed Combat
 - Level 1.2 Spellcasting
 - Level 0.6 Transmutations
 + Level 2.7 Earth Magic


You had 3 spell levels left.
You knew the following spells:

 Your Spells              Type           Power      Damage    Failure   Level
a - Sandblast             Erth           12%        2d6       11%         1

Your spell library contained the following spells:

 Spells                   Type           Power      Damage    Failure   Level
 Passwall                 Tmut/Erth      3%         N/A       24%         2
 Stone Arrow              Conj/Erth      6%         3d7       47%         3
 Petrify                  Tmut/Erth      4%         N/A       85%         4


Dungeon Overview and Level Annotations

Branches:
Dungeon (2/15)

Altars:


Innate Abilities, Weirdness & Mutations

You are too large for most types of armour.
You have claws for hands.
Your natural rate of healing is unusually fast.
You are covered in fur. (AC +1)
You have tough skin. (AC +1)


Message History

The iguana is moderately wounded.
The iguana bites you.
You scratch the iguana.
The iguana is heavily wounded.
The iguana bites you.
You barely miss the iguana.
The iguana is heavily wounded.
The iguana bites you but does no damage.
You barely miss the iguana.
The iguana is heavily wounded.
The iguana bites you!
You scratch the iguana.
The iguana is severely wounded.
The iguana bites you.
You are too injured to fight recklessly!
You are too injured to fight recklessly!
You are too injured to fight recklessly!
You are too injured to fight recklessly!
You are too injured to fight recklessly!
You enter the shallow water.
Moving in this stuff is going to be slow.
The iguana bites you! The iguana barely misses you.
You are too injured to fight recklessly!
You are too injured to fight recklessly!
You are too injured to fight recklessly!
You are too injured to fight recklessly!
You are too injured to fight recklessly!
You scratch the iguana but do no damage.
The iguana is severely wounded.
You scratch the iguana.
The iguana is severely wounded.
The iguana bites you.
You barely miss the iguana.
The iguana is severely wounded.
The iguana bites you.
* * * LOW HITPOINT WARNING * * *
You scratch the iguana but do no damage.
The iguana is severely wounded.
The iguana bites you!
You die...

....... .. ##≈# #..... #.#
#.###≈≈#
#.....####.###.##≈≈≈#
##..≈...........#≈≈≈≈#
#≈.≈≈≈≈≈.≈≈≈≈≈≈≈.≈≈≈≈######
#≈≈≈≈≈≈)≈≈≈≈≈≈≈≈≈≈≈≈≈.....#
.≈≈≈≈≈.≈≈≈≈.≈≈.≈.≈≈≈.####.#
#≈≈≈≈≈≈≈≈l≈≈≈≈≈≈≈≈≈..##...#
#≈≈≈≈#≈≈≈.@..≈≈≈≈≈........#
#≈≈≈≈#.##.................#
#≈≈≈ ## #.......#...#....)#
##≈ #.......#####.....# ##
######### ###.... ####. #.
##


You could see an iguana.

Vanquished Creatures
  An adder (D:2)
  An adder skeleton (D:2)
  A worm (D:2)
  A ball python (D:1)
  2 endoplasms
  A goblin (D:2)
  6 jackals
  3 kobolds (D:2)
  A frilled lizard (D:2)
17 creatures vanquished.

Notes
Turn   | Place    | Note
-------+----------+-------------------------------------------
     0 | D:1      | MacCMillion the Troll Earth Elementalist began the quest
                  | for the Orb.
     0 | D:1      | Reached XP level 1. HP: 16/16 MP: 1/1
   119 | D:2      | Reached skill level 1 in Unarmed Combat
   122 | D:2      | Reached XP level 2. HP: 13/26 MP: 2/2
   204 | D:2      | Reached skill level 1 in Fighting
   272 | D:2      | Reached XP level 3. HP: 33/33 MP: 3/3
   361 | D:2      | Slain by an iguana

Illustrated notes

Levels and vault maps discovered:
D:1:      minmay_arrival_nine_rooms, layout_loops_cross, minivault_19
D:2:      layout_basic, chequers_serial_rivers_large_a, minmay_misc_feat_plants

Skill      XL: |  1  2 |
---------------+-------+-----
Unarmed Combat | 1 2 |  2.2
Fighting       | 1 |  1.1
Dodging        | |  1.5
Stealth        | |  1.0
Spellcasting   | |  1.2
Transmutations | |  0.6
Earth Magic    | |  2.7

Action                   || total
-------------------------++-------
Melee: Unarmed           ||    65
Armor: Robe              ||    34
Dodge: Dodged            ||    47

Table legend: (Time is in decaauts)
 A = Elapsed time spent in this place.
 B = Non-inter-level travel time spent in this place.
 C = Inter-level travel time spent in this place.
 D = Time resting spent in this place.
 E = Time spent auto-exploring this place.
 F = Levels seen in this place.
 G = Mean time per level.
                   A        B        C        D        E       F      G
               +--------+--------+--------+--------+--------+-----+--------+
         Total |    363 |    363 |      0 |     12 |    213 |   2 |  181.5 |
       Dungeon |    363 |    363 |      0 |     12 |    213 |   2 |  181.5 |
               +--------+--------+--------+--------+--------+-----+--------+

Top non-repeatable levels by time:
     D:2: 247 daAuts
     D:1: 116 daAuts
